 Dungeon Crawl Stone Soup version 0.30-a0-953-g5f1da4a474 (webtiles) character file.

Game seed: 11693096405179856221

127 BlueFish the Grasshopper (level 5, 0/35 HPs)
             Began as an Octopode Warper on Mar 28, 2023.
             Slain by an orc
             ... wielding a +0 flail
              (10 damage)
             ... on level 3 of the Dungeon.
             The game lasted 00:03:02 (1718 turns).

BlueFish the Grasshopper (Octopode Warper)          Turns: 1718, Time: 00:03:02

Health: 0/35       AC:  1    Str: 12    XL:     5   Next: 11%
Magic:  8/8        EV: 13    Int: 15    God:
Gold:   148        SH:  0    Dex: 12    Spells: 2/9 levels left

rFire   . . .      SeeInvis .    p - +0 club
rCold   . . .      Faith    .    (no shield)
rNeg    . . .      Spirit   .    (helmet restricted)
rPois   .          Reflect  .    (no amulet)
rElec   .          Rampage  .    (no ring)
rCorr   .                        (no ring)
Will    .....                    (no ring)
Stlth   +++                      (no ring)
HPRegen 0.25/turn                (no ring)
MPRegen 0.11/turn                (no ring)
                                 (no ring)
                                 (no ring)

@: no status effects
A: almost no armour, amphibious, 8 rings, camouflage 1, gelatinous body 1,
(nimble swimmer 1), tentacles
a: no special abilities


You were on level 3 of the Dungeon.
You visited 1 branch of the dungeon, and saw 3 of its levels.

You collected 148 gold pieces.

Inventory:

Hand Weapons
 g - a +0 dagger
 p - a +0 club (weapon)
Missiles
 b - 7 boomerangs of dispersal
 d - 26 stones (quivered)
 l - 3 poisoned darts
Scrolls
 a - a scroll of blinking
 j - 2 scrolls of teleportation {unknown}
Potions
 c - 2 potions of resistance
 e - a potion of flight
 f - a potion of brilliance
 h - a potion of might
 i - 2 potions of curing
 k - a potion of heal wounds
 m - a potion of haste
 n - 2 potions of attraction {unknown}
 o - 2 potions of degeneration {unknown}


   Skills:
 + Level 2.6 Fighting
 + Level 0.0 Maces & Flails
 + Level 1.8 Throwing
 + Level 2.8 Dodging
 * Level 3.4 Stealth
 - Level 2.0 Unarmed Combat
 + Level 2.5 Spellcasting
 + Level 3.4 Translocations


You had 2 spell levels left.
You knew the following spells:

 Your Spells              Type           Power      Damage    Failure   Level
a - Blink                 Tloc           24%        N/A       8%          2
b - Lesser Beckoning      Tloc           24%        N/A       8%          2
c - Teleport Other        Tloc           12%        N/A       16%         3

Your spell library contained the following spells:

 Spells                   Type           Power      Damage    Failure   Level
 Vhi's Electric Charge    Tloc/Air       14%        N/A       30%         3
 Manifold Assault         Tloc           12%        N/A       45%         4


Dungeon Overview and Level Annotations

Branches:
Dungeon (3/15)

Altars:


Innate Abilities, Weirdness & Mutations

You cannot wear most types of armour.
You are amphibious.
You can wear up to eight rings at the same time.
Your skin changes colour to match your surroundings (Stealth+).
Your rubbery body absorbs attacks. (AC +1, EV +1)
((You are camouflaged when in or above water. (Stealth+)))
You have tentacles for arms and can constrict up to eight enemies at once.


Message History

o - 2 fizzy puce potions (gained 1)
You now have 132 gold pieces (gained 8).
You now have 148 gold pieces (gained 16).
You hear the slow rusting of a drain nearby.
An orc comes into view. It is wielding a +0 dagger.
An orc comes into view. It is wielding a +0 flail.
The orc shouts!
You hear a shout! x2
The orc throws a boomerang.
The boomerang hits you.
A goblin comes into view. It is wielding a +2 dagger of venom.
Found 16 gold pieces.
An orc comes into view. It is wielding a +0 dagger.
You barely miss the orc. You grab the orc. You squeeze the orc.
The orc is severely wounded.
You constrict the orc, but do no damage.
The orc hits you with a +0 dagger.
You barely miss the orc. You squeeze the orc, but do no damage.
The orc is severely wounded.
You constrict the orc. The orc completely misses you.
You hit the orc but do no damage. You squeeze the orc.
You kill the orc!
The orc hits you with a +0 flail.
The goblin hits you with a +2 dagger of venom.
You are poisoned.
The orc misses you.
A goblin comes into view. It is wielding a +0 dagger.
The orc attacks as you move away! The orc hits you with a +0 flail!
You feel sick.
You feel sick.
You feel sick.
You hit the orc but do no damage. You grab the orc. You squeeze the orc.
The orc is lightly wounded.
You constrict the orc, but do no damage.
You feel sick. The orc misses you.
You hit the orc but do no damage.
The orc is lightly wounded.
You constrict the orc, but do no damage.
You feel sick.
You are no longer poisoned.
The orc hits you with a +0 flail!
You die...

#.###.# . #..##.#
...
##.##.#####....
#.............
####.#..#####
#.#..## ..##..#
#####g.####.##
#.@oo..$.....
.......####)......
####### .#####. .#
.. .. ... g..


You could see 2 orcs and a goblin.

Vanquished Creatures
  Natasha (thrice) (D:2)
  A gnoll (D:1)
  An adder (D:2)
  2 orcs (D:3)
  5 bats
  2 endoplasms
  A giant cockroach (D:1)
  2 hobgoblins (D:1)
  2 jackals (D:1)
  2 kobolds (D:1)
  2 quokkas
  4 ball pythons
  A frilled lizard (D:2)
  5 rats
33 creatures vanquished.

Notes
Turn   | Place    | Note
-------+----------+-------------------------------------------
     0 | D:1      | BlueFish the Octopode Warper began the quest for the Orb.
     0 | D:1      | Reached XP level 1. HP: 14/14 MP: 3/3
    64 | D:1      | Reached skill level 1 in Stealth
   100 | D:1      | Reached XP level 2. HP: 19/19 MP: 5/5
   103 | D:1      | Learned a level 2 spell: Blink
   106 | D:1      | Learned a level 2 spell: Lesser Beckoning
   536 | D:1      | Reached XP level 3. HP: 3/24 MP: 6/6
  1010 | D:2      | Noticed Natasha
  1018 | D:2      | Killed Natasha
  1019 | D:2      | Reached XP level 4. HP: 21/30 MP: 7/7
  1218 | D:2      | Noticed Natasha
  1227 | D:2      | Killed Natasha
  1316 | D:2      | Noticed Natasha
  1320 | D:2      | Killed Natasha
  1321 | D:2      | Reached XP level 5. HP: 35/35 MP: 8/8
  1327 | D:2      | Learned a level 3 spell: Teleport Other
  1718 | D:3      | Slain by an orc

Illustrated notes

Levels and vault maps discovered:
D:1:      amcnicky_arrival_wind_blow, layout_basic, item_on_display_a
D:2:      layout_loops_ring, minmay_domino_2, uniq_natasha
D:3:      layout_basic, portal_sewer_entry_d

Skill      XL: |  1  2  3  4 |
---------------+-------------+-----
Stealth        | 1 2 3 |  3.4
Fighting       | |  2.6
Throwing       | |  1.8
Dodging        | |  2.8
Unarmed Combat | |  2.0
Spellcasting   | |  2.5
Translocations | |  3.4

Action                     |  1- 3 |  4- 6 || total
---------------------------+-------+-------++-------
  Melee: Unarmed           |     7 |       ||     7
         Dagger            |    51 |    23 ||    74
         Tentacles         |     9 |    11 ||    20
         Constrict         |    14 |     8 ||    22
         Club              |       |    11 ||    11
         Punch             |       |     1 ||     1
    Use: Scroll            |     2 |     4 ||     6
   Stab: Sleeping          |     5 |     5 ||    10
 Armour: Skin              |     4 |     4 ||     8
  Dodge: Dodged            |    46 |    22 ||    68

Table legend: (Time is in decaauts)
 A = Elapsed time spent in this place.
 B = Non-inter-level travel time spent in this place.
 C = Inter-level travel time spent in this place.
 D = Time resting spent in this place.
 E = Time spent auto-exploring this place.
 F = Levels seen in this place.
 G = Mean time per level.
                   A        B        C        D        E       F      G
               +--------+--------+--------+--------+--------+-----+--------+
         Total |   1726 |   1644 |     82 |      0 |   1333 |   3 |  575.3 |
       Dungeon |   1726 |   1644 |     82 |      0 |   1333 |   3 |  575.3 |
               +--------+--------+--------+--------+--------+-----+--------+

Top non-repeatable levels by time:
     D:1: 827 daAuts
     D:2: 780 daAuts
     D:3: 119 daAuts
